 Dungeon Sprint DCSS version 0.20.1-1-g8b1a95d (webtiles) character file.

12539 Fang the Severer (level 11, -27/124 HPs)
             Began as a Gargoyle Berserker on Oct 22, 2018.
             Was the Champion of Trog.
             Annihilated by an Ice Fiend (38 damage)
             ... in the Dungeon (Sprint VII: "The Pits").
             The game lasted 00:06:38 (2685 turns).

Fang the Severer (Gargoyle Berserker)               Turns: 2685, Time: 00:06:38

Health: -27/124    AC: 26    Str: 32    XL:     11   Next: 94%
Magic:  11/11      EV: 15    Int:  8    God:    Trog [******]
Gold:   0          SH:  0    Dex:  9    Spells: 10/10 levels left

rFire    . . .     SeeInvis .   b - +2 broad axe (elec)
rCold    . . .     Gourm    .   (no shield)
rNeg     + . .     Faith    .   x - +3 plate armour
rPois    ∞         Spirit   .   (no helmet)
rElec    +         Reflect  .   (no cloak)
rCorr    .         Harm     .   (no gloves)
MR       .....     NoTele   +   (no boots)
Stlth    ..........             (no amulet)
Regen    0.3/turn               t - +3 ring of strength
MPRegen  0.2/turn               u - +3 ring of evasion

@: berserking, very quick
A: negative energy resistance 1, electricity resistance, unbreathing,
petrification resistance, rot immunity, AC +7
a: Berserk, Trog's Hand, Brothers in Arms, Burn Spellbooks, Renounce Religion


You were in the Dungeon.
You worshipped Trog.
Trog was exalted by your worship.
You were not hungry.

You visited 1 branch

Inventory:

Hand Weapons
 b - a +2 broad axe of electrocution (weapon)
 j - a +3 vampiric executioner's axe
 o - a +0 hand axe of freezing
 r - a +2 war axe of venom
 w - a +1 broad axe of chopping
Armour
 s - a +0 troll leather armour
 x - a +3 plate armour (worn)
Jewellery
 t - a +3 ring of strength (left hand)
 u - a +3 ring of evasion (right hand)
Scrolls
 i - a scroll of blinking
 k - 3 scrolls of remove curse
 l - a scroll of summoning
Potions
 a - 2 potions of invisibility
 d - 9 potions of curing
 e - 8 potions of heal wounds
 f - 5 potions of haste
 g - 4 potions of magic
 h - 3 potions of berserk rage
 v - a potion of might
Comestibles
 c - 6 bread rations
 m - 40 fruits
 n - 7 meat rations


   Skills:
 + Level 15.9 Fighting
 + Level 17.7 Axes
 + Level 13.1 Armour
 + Level 8.4 Dodging
 + Level 1.2 Stealth


You had 10 spell levels left.
You didn't know any spells.

Dungeon Overview and Level Annotations

Branches:
Dungeon (1/1)

Altars:
Ashenzari
Cheibriados
Dithmenos
Elyvilon
Fedhas
Gozag
Hepliaklqana
Kikubaaqudgha
Makhleb
Nemelex Xobeh
Okawaru
Qazlal
Ru
Sif Muna
Trog
Uskayaw
Vehumet
Xom
Yredelemnul
Zin
The Shining One
Beogh
Jiyva
Lugonu


Innate Abilities, Weirdness & Mutations

You are resistant to torment.
Your stone body is resilient. (AC +7)
You are immune to poison.
You resist negative energy. (rN+)
You are resistant to electric shocks. (rElec)
You can survive without breathing.
You are immune to petrification.
You are immune to rotting.


Message History

The Ice Fiend barely misses you. The Ice Fiend claws you!
The Ice Fiend freezes you!!!
* * * LOW HITPOINT WARNING * * *
There is an open door here.
You are too injured to fight recklessly!
You are too injured to fight recklessly!
You are too injured to fight recklessly!
You are too injured to fight recklessly!
You are too injured to fight recklessly!
You are too injured to fight recklessly!
You are too injured to fight recklessly!
You hit the Ice Fiend but do no damage.
Lightning courses through the Ice Fiend!
The Ice Fiend is lightly wounded.
You barely miss the Ice Fiend.
The Ice Fiend is lightly wounded.
The Ice Fiend barely misses you. The Ice Fiend claws you.
* * * LOW HITPOINT WARNING * * *
The Ice Fiend freezes you!!!
You die...

#+# #1# #@# #.#
#'# #.# #'#
################'#
.................#
.......).........#
+##############..#


You could see an Ice Fiend.

Vanquished Creatures
  An Ice Fiend (D)
  A nagaraja (D)
  2 catoblepae (D)
  A soul eater (D)
  2 deep trolls (D)
  An orc sorcerer (D)
  An orc knight (D)
  A deep elf mage (D)
  A cyclops (D)
  A black mamba (D)
  2 smoke demons (D)
  A freezing wraith (D)
  2 efreet (D)
  A polar bear (D)
  2 jumping spiders (D)
  A tyrant leech (D)
  A wandering mushroom (D)
  5 yaks (D)
  A hungry ghost (D)
  2 eyes of draining (D)
  3 orc warriors (D)
  A phantom (D)
  A necrophage (D)
  A centaur (D)
  A wolf (D)
  3 wights (D)
  A hound (D)
  A small abomination (D)
  Crazy Yiuf (D)
  An orc wizard (D)
  An iguana (D)
  A mummy (D)
  A gnoll (D)
  An adder (D)
  A leopard gecko (D)
  6 orcs (D)
  A bat skeleton (D)
  A bat zombie (D)
  A giant cockroach (D)
  A goblin (D)
  A hobgoblin (D)
  A kobold (D)
  A quokka (D)
  A ball python (D)
  2 frilled lizards (D)
  A jackal zombie (D)
  A rat (D)
67 creatures vanquished.

Notes
Turn   | Place    | Note
-------+----------+-------------------------------------------
     0 | D        | Fang the Gargoyle Berserker began the quest for the Orb.
     0 | D        | Reached XP level 1. HP: 14/14 MP: 1/1
    23 | D        | Found a bloodstained altar of Trog.
    23 | D        | Found a deep blue altar of Sif Muna.
    23 | D        | Found a viscous altar of Jiyva.
    23 | D        | Found a hazy altar of Hepliaklqana.
    23 | D        | Found an opulent altar of Gozag.
    24 | D        | Found a glowing golden altar of the Shining One.
    24 | D        | Found a glowing silver altar of Zin.
    24 | D        | Found a basalt altar of Yredelemnul.
    24 | D        | Found a shimmering altar of Xom.
    24 | D        | Found a sacrificial altar of Ru.
    24 | D        | Found a stormy altar of Qazlal.
    24 | D        | Found an iron altar of Okawaru.
    24 | D        | Found a sparkling altar of Nemelex Xobeh.
    24 | D        | Found a burning altar of Makhleb.
    24 | D        | Found a blossoming altar of Fedhas.
    24 | D        | Found a white marble altar of Elyvilon.
    24 | D        | Found a shadowy altar of Dithmenos.
    24 | D        | Found a snail-covered altar of Cheibriados.
    26 | D        | Found a radiant altar of Vehumet.
    26 | D        | Found a corrupted altar of Lugonu.
    26 | D        | Found a roughly hewn altar of Beogh.
    66 | D        | Reached skill level 3 in Axes
    68 | D        | Reached ** piety under Trog
    76 | D        | Reached XP level 2. HP: 20/20 MP: 2/2
    86 | D        | Reached *** piety under Trog
   226 | D        | Noticed a hungry ghost
   226 | D        | Noticed a deep elf mage
   230 | D        | Reached skill level 5 in Fighting
   230 | D        | Reached skill level 4 in Axes
   234 | D        | Reached **** piety under Trog
   234 | D        | Reached XP level 3. HP: 26/26 MP: 3/3
   235 | D        | Killed a hungry ghost
   235 | D        | Reached skill level 6 in Axes
   235 | D        | Reached XP level 4. HP: 34/34 MP: 4/4
   235 | D        | Reached XP level 5. HP: 38/38 MP: 5/5
   240 | D        | Killed a deep elf mage
   240 | D        | Reached ***** piety under Trog
   240 | D        | Reached skill level 9 in Axes
   240 | D        | Reached skill level 5 in Armour
   240 | D        | Reached skill level 5 in Dodging
   240 | D        | Reached XP level 6. HP: 48/48 MP: 6/6
   240 | D        | Reached XP level 7. HP: 52/52 MP: 7/7
   241 | D        | Reached skill level 10 in Fighting
   346 | D        | Reached skill level 10 in Axes
   381 | D        | Noticed Crazy Yiuf
   402 | D        | Received a gift from Trog
   402 | D        | Reached XP level 8. HP: 59/59 MP: 8/8
   408 | D        | Killed Crazy Yiuf
   450 | D        | Noticed a deep troll
   457 | D        | Killed a deep troll
   457 | D        | Reached skill level 11 in Axes
   460 | D        | Reached ****** piety under Trog
   665 | D        | Found a hide-covered altar of Uskayaw.
   665 | D        | Found an ancient bone altar of Kikubaaqudgha.
   665 | D        | Found a shattered altar of Ashenzari.
   701 | D        | Noticed a tyrant leech
   703 | D        | Noticed a wandering mushroom
   715 | D        | Killed a tyrant leech
   715 | D        | Received a gift from Trog
   715 | D        | Reached skill level 12 in Axes
   715 | D        | Reached XP level 9. HP: 16/65 MP: 5/9
   993 | D        | Killed a wandering mushroom
  1027 | D        | Noticed an orc knight
  1027 | D        | Noticed an orc sorcerer
  1027 | D        | Noticed an efreet
  1031 | D        | Killed an orc sorcerer
  1031 | D        | Reached skill level 13 in Axes
  1035 | D        | Killed an efreet
  1046 | D        | Received a gift from Trog
  1051 | D        | Killed an orc knight
  1232 | D        | Noticed a cyclops
  1238 | D        | Killed a cyclops
  1238 | D        | Reached skill level 14 in Axes
  1238 | D        | Reached XP level 10. HP: 39/73 MP: 10/10
  1706 | D        | Noticed a smoke demon
  1712 | D        | Received a gift from Trog
  1716 | D        | Killed a smoke demon
  1722 | D        | Reached skill level 10 in Armour
  1729 | D        | Reached skill level 15 in Axes
  1881 | D        | Noticed a black mamba
  1886 | D        | Killed a black mamba
  1895 | D        | Noticed a smoke demon
  1898 | D        | Received a gift from Trog
  1905 | D        | Killed a smoke demon
  1920 | D        | Noticed a nagaraja
  1936 | D        | Killed a nagaraja
  1936 | D        | Received a gift from Trog
  1936 | D        | Reached skill level 16 in Axes
  1936 | D        | Reached XP level 11. HP: 78/80 MP: 9/11
  2058 | D        | Noticed a catoblepas
  2064 | D        | Killed a catoblepas
  2170 | D        | Noticed a catoblepas
  2170 | D        | Noticed a deep troll
  2183 | D        | Killed a catoblepas
  2183 | D        | Reached skill level 15 in Fighting
  2186 | D        | Killed a deep troll
  2186 | D        | Received a gift from Trog
  2515 | D        | Noticed an Ice Fiend
  2526 | D        | Killed an Ice Fiend
  2526 | D        | Reached skill level 17 in Axes
  2526 | D        | Reached skill level 1 in Stealth
  2637 | D        | Noticed a soul eater
  2646 | D        | Killed a soul eater
  2681 | D        | Noticed an Ice Fiend
  2685 | D        | Annihilated by an Ice Fiend

Skill      XL: |  1  2  3  4  5  6  7  8  9 10 11 |
---------------+----------------------------------+-----
Axes           | 3 4 6 9 10 12 14 16 17 | 17.7
Fighting       | 4 5 7 9 10 11 13 14 15 | 15.9
Dodging        | 2 3 5 6 7 8 |  8.4
Armour         | 4 5 6 7 9 11 13 | 13.1
Stealth        | 1 |  1.2

Action                   |  1- 3 |  4- 6 |  7- 9 | 10-12 || total
-------------------------+-------+-------+-------+-------++-------
Melee: Hand axe          |    30 |     5 |    67 |       ||   102
       War axe           |       |       |    54 |    37 ||    91
       Broad axe         |       |       |       |    70 ||    70
Invok: Berserk           |     1 |       |     5 |     7 ||    13
  Eat: Chunk             |       |       |     7 |     3 ||    10
       Bread ration      |       |       |       |     2 ||     2
Armor: Animal skin       |    12 |       |       |       ||    12
       Ring mail         |     6 |     1 |    15 |       ||    22
       Plate armour      |       |       |    17 |    79 ||    96
Dodge: Dodged            |    23 |     3 |    53 |    73 ||   152
